 Dungeon Crawl Stone Soup version 0.17.0 (webtiles) character file.

76 KINGKRU the Poker (level 4, 0/37 HPs)
             Began as a Hill Orc Gladiator on Nov 24, 2015.
             Was an Initiate of Beogh.
             Slain by an adder (5 damage)
             ... on level 3 of the Dungeon.
             The game lasted 00:07:15 (1924 turns).

KINGKRU the Poker (Hill Orc Gladiator)              Turns: 1924, Time: 00:07:15

Health: 0/37       AC:  6    Str: 17    XL:     4   Next: 32%
Magic:  13/13      EV: 12    Int:  8    God:    Beogh [......]
Gold:   121        SH:  0    Dex: 12    Spells: 0 memorised, 3 levels left

rFire  . . .     SeeInvis .     a - +0 trident
rCold  . . .     Clarity  .     b - +0 leather armour
rNeg   . . .     SustAt   .     (no shield)
rPois  .         Gourm    .     h - +2 helmet
rElec  .         Spirit   .     (no cloak)
rCorr  .         Warding  .     (no gloves)
rMut   .         Stasis   .     (no boots)
MR     .....                    l - amulet of regeneration
Stlth  +.........               (no ring)
                                o - ring of magical power

@: not resistant to hostile enchantments, very unstealthy
A: no striking features
a: Renounce Religion


You were on level 3 of the Dungeon.
You worshipped Beogh.
Beogh was noncommittal.
You were not hungry.

You visited 1 branch of the dungeon, and saw 3 of its levels.

You collected 121 gold pieces.

Inventory:

Hand Weapons
 a - a +0 trident (weapon)
Missiles
 d - 4 throwing nets (quivered)
Armour
 b - a +0 leather armour (worn)
 c - a +0 helmet
 h - a +2 helmet (worn)
Jewellery
 l - an amulet of regeneration (around neck)
 o - a ring of magical power (left hand)
Scrolls
 g - a scroll of immolation {unknown}
 i - a scroll of enchant armour {unknown}
 m - a scroll of amnesia {unknown}
 n - 3 scrolls of identify {unknown}
 p - a scroll of fog {unknown}
 t - a scroll of remove curse {unknown}
Potions
 e - a potion of curing {unknown}
 j - a potion of might {unknown}
 k - 2 potions of flight {unknown}
 q - a potion of brilliance {unknown}
Comestibles
 f - 3 meat rations
 r - a bread ration
 s - a royal jelly


   Skills:
 + Level 2.5 Fighting
 + Level 4.0 Polearms
 + Level 2.1 Throwing
 + Level 2.0 Armour
 + Level 3.0 Dodging


You had 3 spell levels left.
You didn't know any spells.

Dungeon Overview and Level Annotations

Branches:
Dungeon (3/15)

Altars:


Message History

The orc priest hits the orc priest with a flail of protection.
You puncture the orc priest!
You kill the orc priest!
Beogh accepts your kill.
Beogh appreciates your killing of a heretic priest.
Your Armour skill increases to level 2!
Something barely misses the orc priest.
Something bites the orc priest but does no damage.
The orc priest miscasts a cantrip.
Something barely misses the orc priest.
The orc priest misses something.
The orc priest looks braver for a moment.
You hit the adder.
The adder is lightly wounded.
The adder bites you.
* * * LOW HITPOINT WARNING * * *
The adder bites you but does no damage.
You closely miss the adder.
The adder is lightly wounded.
The adder bites you.
You die...

.... #.
.....#†##
.....#.<#
#....#
##.S.###
#.....#
#...#[#
###...#.#####
#......oS@.$#
#...>.#...#.#
#.....#.#.# #
#...........
#.##..#...###
# ........#
#.# ..### #.
....


You could see an adder and a neutral orc priest.

Vanquished Creatures
  An orc priest (D:3)
  2 adders (D:2)
  An ooze (D:1)
  A giant gecko (D:2)
  5 orcs (D:2)
  4 bats
  3 giant cockroaches
  6 hobgoblins
  5 kobolds
  A quokka (D:2)
  A giant newt (D:3)
  3 goblins
  3 rats
36 creatures vanquished.

Vanquished Creatures (others)
  A giant newt (D:3)
1 creature vanquished.

Grand Total: 37 creatures vanquished

Notes
Turn   | Place    | Note
--------------------------------------------------------------
     0 | D:1      | KINGKRU the Hill Orc Gladiator began the quest for the Orb.
     0 | D:1      | Reached XP level 1. HP: 18/18 MP: 1/1
   181 | D:1      | Reached XP level 2. HP: 25/25 MP: 2/2
  1170 | D:2      | Reached XP level 3. HP: 28/30 MP: 3/3
  1175 | D:2      | Reached skill level 1 in Armour
  1775 | D:2      | Reached skill level 4 in Polearms
  1819 | D:2      | Reached XP level 4. HP: 34/37 MP: 4/4
  1874 | D:3      | Became a worshipper of Beogh the Brigand
  1924 | D:3      | Slain by an adder

Action                   |  1- 3 |  4- 6 || total
-------------------------+-------+-------++-------
Melee: Trident           |   140 |    26 ||   166
Invok: Convert to Beogh  |       |     1 ||     1
  Eat: Bread ration      |     1 |       ||     1
